 Dungeon Crawl Stone Soup version 0.30-a0-726-gd89dcf765f (webtiles) character file.

Game seed: 7102263017182701298

2025 timneilson the Covered (level 9, -2/54 HPs)
             Began as a Gargoyle Fighter on Jan 30, 2023.
             Was a Believer of Okawaru.
             Slain by an ogre
             ... wielding a +0 giant spiked club
              (26 damage)
             ... on level 6 of the Dungeon.
             The game lasted 00:10:18 (6523 turns).

timneilson the Covered (Gargoyle Fighter)           Turns: 6523, Time: 00:10:19

Health: -2/54      AC: 18    Str: 30    XL:     9   Next: 23%
Magic:  11/11      EV:  9    Int:  9    God:    Okawaru [**....]
Gold:   221        SH:  6    Dex:  9    Spells: 8/8 levels left

rFire   + . .      SeeInvis .    o - +0 scimitar
rCold   + + .      Faith    .    c - +1 buckler
rNeg    + . .      Spirit   .    k - +0 chain mail
rPois   ∞          Reflect  .    (no helmet)
rElec   +          Harm     .    t - scarf {rC+ rF+}
rCorr   .          Rampage  .    q - +0 pair of gloves
Will    .....                    (no boots) Stlth
                                 (no amulet)
HPRegen 0.29/turn                i - ring of protection from cold
MPRegen 0.12/turn                b - +6 ring of strength

@: no status effects
A: sickness immunity, AC +6, negative energy resistance 1, electricity
resistance, torment resistance 1, petrification resistance
a: Renounce Religion, Heroism


You were on level 6 of the Dungeon.
You worshipped Okawaru.
Okawaru was pleased with you.
You visited 2 branches of the dungeon, and saw 7 of its levels.

You collected 321 gold pieces.
You spent 100 gold pieces at shops.

Inventory:

Hand Weapons
 a - a +1 long sword
 o - a +0 scimitar (weapon)
Armour
 c - a +1 buckler (worn)
 k - a +0 chain mail (worn)
 q - a +0 pair of gloves (worn)
 r - a +0 plate armour
 t - a scarf of resistance (worn)
Jewellery
 b - a +6 ring of strength (right hand)
 f - a ring of flight
 i - a ring of protection from cold (left hand)
Wands
 l - a wand of mindburst (10)
 u - a wand of polymorph (8)
Scrolls
 e - 3 scrolls of teleportation
 m - a scroll of identify
 n - 2 scrolls of brand weapon {unknown}
 s - 2 scrolls of amnesia
Potions
 d - 2 potions of might
 g - a potion of flight
 h - a potion of haste
 j - a potion of resistance
 p - a potion of curing
 v - a potion of heal wounds {unknown}


   Skills:
 + Level 5.3 Fighting
 * Level 5.1 Long Blades
 * Level 6.8 Armour
 + Level 2.8 Dodging
 * Level 6.7 Shields
 + Level 3.1 Invocations
 + Level 3.0 Evocations


You had 8 spell levels left.
You didn't know any spells.
Your spell library contained the following spells:

 Spells                   Type           Power      Damage    Failure   Level
 Apportation              Tloc           0%         N/A       92%         1
 Kiss of Death            Conj/Necr      0%         2d5       92%         1
 Necrotise                Necr           0%         1d4       92%         1
 Slow                     Hex            0%         N/A       92%         1
 Confusing Touch          Hex            0%         N/A       100%        3
 Frozen Ramparts          Ice            0%         1d1       100%        3
 Ignite Poison            Fire/Tmut/Pois 0%         N/A       100%        3
 Stone Arrow              Conj/Erth      0%         3d7       100%        3
 Vampiric Draining        Necr           0%         2d6       100%        3
 Dispel Undead            Necr           0%         3d6       100%        4
 Ice Form                 Ice/Tmut       0%         N/A       100%        4
 Sticky Flame             Conj/Fire      0%         2d3       100%        4
 Ignition                 Fire           0%         3d3       100%        8
 Lehudib's Crystal Spear  Conj/Erth      0%         10d2      100%        8
 Summon Small Mammal      Summ           Unusable   N/A       N/A         1
 Animate Armour           Summ/Erth      Unusable   N/A       N/A         4
 Summon Ice Beast         Ice/Summ       Unusable   N/A       N/A         4

Dungeon Overview and Level Annotations

Branches:
Dungeon (6/15)             Temple (1/1) D:4

Altars:
Ashenzari
Cheibriados
Elyvilon
Fedhas
Gozag
Kikubaaqudgha
Makhleb
Nemelex Xobeh
Okawaru
Qazlal
Trog
Uskayaw
Vehumet
Yredelemnul
Zin
The Shining One

Shops:
D:3 (


Innate Abilities, Weirdness & Mutations

You are immune to sickness and miasma.
Your stone body is resilient. (AC +6)
You are immune to poison.
You resist negative energy. (rN+)
You are resistant to electric shocks. (rElec)
You are resistant to unholy torment.
You are immune to petrification.


Message History

You hit the ogre but do no damage. You block the ogre's attack.
You barely miss the ogre. You block the ogre's attack.
You hit the ogre.
The ogre is lightly wounded.
You slash the ogre!
The ogre is moderately wounded.
The ogre misses you.
You completely miss the ogre.
The ogre is moderately wounded.
You block the ogre's attack.
You barely miss the ogre.
The ogre is moderately wounded.
You hit the ogre.
The ogre is heavily wounded.
The ogre hits you with a +0 giant spiked club!
You barely miss the ogre.
The ogre is heavily wounded.
You barely miss the ogre.
The ogre is heavily wounded.
The ogre barely misses you.
You completely miss the ogre.
The ogre is heavily wounded.
You feel like a meek peon again. The ogre closely misses you.
You hit the ogre.
The ogre is heavily wounded.
The ogre barely misses you.
You hit the ogre.
The ogre is heavily wounded.
A water moccasin comes into view.
You hit the ogre.
The ogre is heavily wounded.
The ogre hits you with a +0 giant spiked club!!
You hit the ogre.
The ogre is severely wounded.
The ogre barely misses you.
You hit the ogre.
The ogre is severely wounded.
The ogre hits you with a +0 giant spiked club!!
You die...

##.......#.# #.......#..
# ### ####....####
...... #....#...
...$..##########....#.##
........................
....S #......######.####
......#......# ####...#
......O@...†.###......#
.............'.'......#
#######......###......#
#.......##......#
..........#.)....#
....###.##........#
.....# #.###...#+#.#
.....# #.#####.#.#.#
#.#.........#


You could see a water moccasin and an ogre.

Vanquished Creatures
  Eustachio (D:6)
  A water moccasin (D:6)
  A sky beast (D:6)
  A black bear (D:5)
  3 ice beasts
  An ogre (D:6)
  A phantom (D:4)
  2 necrophages
  2 scorpions
  A howler monkey (D:5)
  2 jellies (D:5)
  5 hounds
  6 orc priests
  5 iguanas
  8 orc wizards
  6 adders
  A white imp (D:6)
  2 ufetubi
  2 worms
  A dart slug (D:4)
  28 orcs
  4 ball pythons
  9 endoplasms
  6 giant cockroaches
  10 goblins
  7 hobgoblins
  5 jackals
  5 kobolds
  A quokka (D:5)
  3 bats
  A frilled lizard (D:1)
  5 rats
136 creatures vanquished.

Vanquished Creatures (others)
  8 fungi (D:6)
  4 plants (D:6)
12 creatures vanquished.

Grand Total: 148 creatures vanquished

Notes
Turn   | Place    | Note
-------+----------+-------------------------------------------
     0 | D:1      | timneilson the Gargoyle Fighter began the quest for the
                  | Orb.
     0 | D:1      | Reached XP level 1. HP: 14/14 MP: 1/1
   156 | D:1      | Reached XP level 2. HP: 19/19 MP: 2/2
   642 | D:2      | Reached XP level 3. HP: 9/23 MP: 3/3
   813 | D:2      | Reached XP level 4. HP: 23/28 MP: 4/4
  2063 | D:3      | Found Geewia Egity's Antique Weapon Emporium.
  2071 | D:3      | Bought a scimitar for 100 gold pieces
  2152 | D:3      | Reached skill level 1 in Dodging
  2153 | D:3      | Reached XP level 5. HP: 27/33 MP: 5/5
  2270 | D:3      | Found a snail-covered altar of Cheibriados.
  3175 | D:4      | Reached skill level 1 in Evocations
  3175 | D:4      | Reached XP level 6. HP: 19/38 MP: 6/6
  3271 | D:4      | Identified the +9 sling of Sudden Death {drain, Dex+3}
  3343 | D:4      | Found a staircase to the Ecumenical Temple.
  3358 | Temple   | Entered the Ecumenical Temple
  3559 | Temple   | Became a worshipper of Warmaster Okawaru
  4042 | D:4      | Reached XP level 7. HP: 43/43 MP: 7/7
  4386 | D:4      | Found a broken altar of Ashenzari.
  4388 | D:4      | Found a burning altar of Makhleb.
  4469 | D:5      | Entered Level 5 of the Dungeon
  4480 | D:5      | Reached skill level 5 in Armour
  4480 | D:5      | Reached skill level 5 in Shields
  4528 | D:5      | Reached skill level 1 in Invocations
  4664 | D:5      | Reached * piety under Okawaru
  5197 | D:5      | Reached XP level 8. HP: 43/48 MP: 9/9
  5339 | D:5      | Reached ** piety under Okawaru
  5888 | D:6      | Noticed Eustachio
  5939 | D:6      | Killed Eustachio
  5940 | D:6      | Reached skill level 5 in Fighting
  6020 | D:6      | Found a blossoming altar of Fedhas.
  6185 | D:6      | Reached XP level 9. HP: 54/54 MP: 11/11
  6235 | D:6      | Reached skill level 5 in Long Blades
  6523 | D:6      | Slain by an ogre

Illustrated notes

Levels and vault maps discovered:
D:1:      wander_arrival_chamber, layout_rooms
D:2:      minmay_chambers_of_twos, layout_basic, hangedman_decor_push
D:3:      layout_basic, old_standard_altar, serial_shops, shop,
          minmay_misc_feat_pillars
D:4:      layout_layer_cave, minitemple, minmay_temple_entry_grid,
          corexii_checkpoint_b
D:5:      layout_loops_ring, minmay_checkerbox
D:6:      layout_basic, old_standard_altar, fedhas_altar_3, minmay_shop_damaged,
          uniq_eustachio
Temple:   nicolae_temple_slightly_damp_pantheon

Skill      XL: |  1  2  3  4  5  6  7  8  9 |
---------------+----------------------------+-----
Long Blades    | 2 3 4 5 |  5.1
Armour         | 4 5 6 |  6.8
Shields        | 4 5 6 |  6.7
Dodging        | 1 2 |  2.8
Evocations     | 1 2 3 |  3.0
Fighting       | 4 5 |  5.3
Invocations    | 1 2 3 |  3.1

Action                     |  1- 3 |  4- 6 |  7- 9 || total
---------------------------+-------+-------+-------++-------
  Melee: Long sword        |   130 |    54 |       ||   184
         Scimitar          |       |   276 |   426 ||   702
 Invoke: Heroism           |       |       |     3 ||     3
    Use: Scroll            |     5 |     4 |     2 ||    11
         Potion            |       |     3 |     3 ||     6
 Armour: Scale mail        |    23 |       |       ||    23
         Chain mail        |    57 |   257 |   315 ||   629
  Dodge: Dodged            |    59 |   166 |   196 ||   421
  Block: Buckler           |    35 |    67 |   136 ||   238

Table legend: (Time is in decaauts)
 A = Elapsed time spent in this place.
 B = Non-inter-level travel time spent in this place.
 C = Inter-level travel time spent in this place.
 D = Time resting spent in this place.
 E = Time spent auto-exploring this place.
 F = Levels seen in this place.
 G = Mean time per level.
                   A        B        C        D        E       F      G
               +--------+--------+--------+--------+--------+-----+--------+
         Total |   6736 |   6570 |    166 |    317 |   4433 |   7 |  962.3 |
       Dungeon |   6515 |   6399 |    116 |    317 |   4277 |   6 | 1085.8 |
        Temple |    220 |    170 |     50 |      0 |    156 |   1 |  220.0 |
               +--------+--------+--------+--------+--------+-----+--------+

Top non-repeatable levels by time:
     D:4: 2036 daAuts
     D:2: 1213 daAuts
     D:5: 1075 daAuts
     D:3: 924 daAuts
     D:6: 661 daAuts
     D:1: 603 daAuts
  Temple: 220 daAuts
